 Dungeon Crawl Stone Soup version 0.31.0-11-ge490571c62 (webtiles) character file.

Game seed: 2856952289010335584

285 qw the Ducker (level 6, -4/30 HPs)
             Began as a Spriggan Hunter on Feb 4, 2024.
             Constricted to death by Ijyb (5 damage)
             ... on level 3 of the Dungeon.
             The game lasted 00:00:09 (1858 turns).

qw the Ducker (Spriggan Hunter)                     Turns: 1858, Time: 00:00:09

Health: -4/30      AC:  5    Str:  7    XL:     6   Next: 7%
Magic:  7/7        EV: 19    Int: 11    God:
Gold:   113        SH:  0    Dex: 20    Spells: 5/5 levels left

rFire   . . .        a - +0 shortbow
rCold   + + .        (shield currently unavailable)
rNeg    . . .        i - +0 robe {Will+}
rPois   .            (helmet restricted)
rElec   .            e - +2 cloak
rCorr   .            (gloves unavailable)
SInv    +            (boots unavailable)
Will    ++...        (no amulet)
Stlth   ++           d - ring of protection from cold
HPRegen 0.25/turn    g - ring of protection from cold
MPRegen 0.10/turn

%: no passive effects
@: grasped by roots, constricted, very quick
A: very small, no large weapons, unfitting armour, see invisible, speed 3
a: no special abilities


You were on level 3 of the Dungeon.
You visited 1 branch of the dungeon, and saw 3 of its levels.

You collected 113 gold pieces.


Innate Abilities, Weirdness & Mutations

You are very small and have problems with some larger weapons.
You are too small for most types of armour.
You have supernaturally acute eyesight. (SInv)
You cover ground extremely quickly. (Speed+++)


   Skills:
 - Level 2.0 Fighting
 + Level 5.0 Ranged Weapons
 - Level 7.2 Dodging
 - Level 1.5 Stealth


You had 5 spell levels left.
You didn't know any spells.
Your spell library was empty.

Inventory:

Hand Weapons
 a - a +0 shortbow (weapon)
Armour
 e - a +2 cloak (worn)
 i - a +0 robe of willpower (worn)
Jewellery
 d - a ring of protection from cold (left hand)
 g - a ring of protection from cold (right hand)
Scrolls
 b - a scroll of acquirement {unknown}
Potions
 c - a potion of ambrosia {unknown}
 f - a potion of heal wounds {unknown}
 h - a potion of curing {unknown}

Dungeon Overview and Level Annotations

Branches:
Dungeon (3/15)

Altars:

Annotations:
D:3 Ijyb


Message History

You shoot an arrow. The arrow closely misses Ijyb.
The arrow hits the goblin.
You kill the goblin!
Ijyb completely misses you.
You shoot an arrow. The arrow barely misses Ijyb.
Ijyb zaps a wand.
The roots erupt in riotous growth!
The grasping roots grab you!
Ijyb is unaffected.
The grasping roots constrict you.
You shoot an arrow. The arrow hits Ijyb.
Ijyb is lightly wounded.
Ijyb misses you. The grasping roots constrict you.
You shoot an arrow. The arrow hits Ijyb.
Ijyb is lightly wounded.
Ijyb hits you with a +0 club. The grasping roots constrict you.
The grasping roots release their grip on you.
You shoot an arrow. The arrow barely misses Ijyb.
Ijyb barely misses you.
You shoot an arrow. The arrow hits Ijyb.
Ijyb is moderately wounded.
Ijyb zaps a wand.
The roots erupt in riotous growth!
The grasping roots grab you!
Ijyb is unaffected.
The grasping roots constrict you.
You shoot an arrow. The arrow hits Ijyb.
Ijyb is heavily wounded.
Ijyb completely misses you. The grasping roots constrict you.
Ijyb barely misses you. The grasping roots constrict you.
The grasping roots release their grip on you.
You shoot an arrow. The arrow hits Ijyb.
Ijyb is severely wounded.
Ijyb barely misses you.
You shoot an arrow. The arrow misses Ijyb.
Ijyb hits you with a +0 club.
You shoot an arrow. The arrow misses Ijyb.
Ijyb hits you with a +0 club.
You shoot an arrow. The arrow closely misses Ijyb.
Ijyb misses you.
You shoot an arrow. The arrow closely misses Ijyb.
Ijyb completely misses you.
Ijyb zaps a wand.
The roots erupt in riotous growth!
The grasping roots grab you!
Ijyb is unaffected.
The grasping roots constrict you.
You die...

.#.#.# #.......## #........#
#.#.#####....###.####........#
.#.#..#..........#..##.......#
#.#.#..............#_...>....#
.#.#....#....###.#####.......#
#.#.############^####........##
.#.#.# 8.8.8...# ##........#
#.#.## ......).## #........#
.#.#.# ....)!g@.# #........#
#.#.## .......#.####........#
.#.#.# .......#....'........#
#<#.## .).....######........#
.#.#.# 8.8.8.. #........#
#.#.############ #........#
.#.#...........#### ###.######
#.#.##########....# #.#
.#........# #....# #.#


You could see Ijyb.

Vanquished Creatures
  Sigmund (D:2)
  Robin (D:2)
  A river rat (D:3)
  3 adders
  A gnoll (D:1)
  2 dart slugs
  A ribbon worm (D:3)
  An orc (D:3)
  5 endoplasms
  8 hobgoblins
  2 kobolds
  4 ball pythons
  5 bats
  3 frilled lizards
  15 goblins
  3 rats
56 creatures vanquished.

Notes
Turn   | Place    | Note
-------+----------+-------------------------------------------
     0 | D:1      | qw the Spriggan Hunter began the quest for the Orb.
     0 | D:1      | Reached XP level 1. HP: 10/10 MP: 2/2
     0 | D:1      | 0 ||| qw: Version: 0.3-a-160-g6735b56
     0 | D:1      | 0 ||| qw: Game counter: 4834
     0 | D:1      | 0 ||| qw: Melee chars always use a shield: true
     0 | D:1      | 0 ||| qw: God list: Okawaru
     0 | D:1      | 0 ||| qw: Allow faded altars: false
     0 | D:1      | 0 ||| qw: Do Orc after clearing Dungeon:15 true
     0 | D:1      | 0 ||| qw: Do second Lair branch before Depths: true
     0 | D:1      | 0 ||| qw: Lair rune preference: random
     0 | D:1      | 0 ||| qw: Goals: Normal
     0 | D:1      | 0 ||| PLANNING D:1-11
    23 | D:1      | Reached skill level 3 in Dodging
    23 | D:1      | Reached XP level 2. HP: 10/14 MP: 3/3
    56 | D:1      | Reached skill level 4 in Dodging
   604 | D:1      | 604 ||| UPGRADING to ring of protection from cold.
   605 | D:1      | 605 ||| READING scroll labelled UWUJUM NEUPIOKH.
   609 | D:1      | 609 ||| DROPPING scroll of butterflies.
   713 | D:2      | Reached XP level 3. HP: 18/18 MP: 4/4
   891 | D:2      | 891 ||| FLEEEEING.
   892 | D:2      | 892 ||| FLEEEEING.
   893 | D:2      | 893 ||| FLEEEEING.
   894 | D:2      | 894 ||| FLEEEEING.
   895 | D:2      | 895 ||| FLEEEEING.
   896 | D:2      | 896 ||| FLEEEEING.
   898 | D:2      | 898 ||| FLEEEEING.
  1110 | D:2      | Noticed Robin
  1115 | D:2      | Killed Robin
  1116 | D:2      | Reached XP level 4. HP: 18/22 MP: 5/5
  1335 | D:2      | Noticed Sigmund
  1353 | D:2      | Killed Sigmund
  1354 | D:2      | Reached skill level 7 in Dodging
  1354 | D:2      | Reached XP level 5. HP: 11/25 MP: 6/6
  1428 | D:2      | 1428 ||| UPGRADING to +2 cloak.
  1433 | D:2      | 1433 ||| UPGRADING to +0 robe of willpower.
  1443 | D:2      | 1443 ||| DROPPING +0 robe.
  1444 | D:2      | 1444 ||| UPGRADING to ring of protection from cold.
  1445 | D:2      | 1445 ||| READING scroll labelled IDIS CEDDENI.
  1445 | D:2      | 1445 ||| IDENTIFYING blue potion
  1446 | D:2      | 1446 ||| DROPPING potion of attraction.
  1474 | D:3      | 1474 ||| PLANNING SEWER
  1552 | D:3      | Reached XP level 6. HP: 25/30 MP: 7/7
  1788 | D:3      | Found a faded altar of an unknown god.
  1840 | D:3      | Noticed Ijyb
  1853 | D:3      | HP: 6/30 [constriction (3)]
  1856 | D:3      | HP: 1/30 [Ijyb/+0 club (4)]
  1858 | D:3      | Constricted to death by Ijyb

Levels and vault maps discovered:
D:1:      tarquinn_simple_flora_water_b, layout_rooms, serial_forest,
          infiniplex_forest_clump_tiny, infiniplex_forest_clump_diagonal,
          infiniplex_forest_end_double, infiniplex_forest_lined_room_2,
          infiniplex_forest_diagonal, infiniplex_forest_straight_3,
          infiniplex_forest_clump_large, infiniplex_forest_straight_3,
          infiniplex_forest_lined_4_way
D:2:      layout_loops_cross, kennysheep_boxes, uniq_robin, uniq_sigmund
D:3:      kennysheep_the_goblin_king, layout_basic, gup_sewer_entry_spiral,
          ebering_ecumenical_altar_rust

Skill      XL: |  1  2  3  4  5  6 |
---------------+-------------------+-----
Dodging        | 3 4 7 |  7.2
Ranged Weapons | 5 |  5.0
Fighting       | 2 |  2.0
Stealth        | |  1.5

Action                     |  1- 3 |  4- 6 || total
---------------------------+-------+-------++-------
   Fire: Shortbow          |   116 |    80 ||   196
    Use: Scroll            |     1 |     1 ||     2
 Armour: Robe              |    19 |    10 ||    29
  Dodge: Dodged            |    46 |    34 ||    80

Table legend:
 A = Non-vault XP
 B = Vault XP
 C = Vault XP percentage of total XP
 D = Non-vault monster count
 E = Vault monster count
 F = Vault count percentage of total count
                 A         B        C        D         E       F
            +---------+---------+-------+---------+---------+-------
      Total |     105 |     303 |  74.3 |      36 |      20 |  35.7
            +---------+---------+-------+---------+---------+-------
        D:1 |      35 |       0 |   0.0 |      15 |       0 |   0.0
        D:2 |      50 |     274 |  84.6 |      16 |      12 |  42.9
        D:3 |      20 |      29 |  59.2 |       5 |       8 |  61.5
            +---------+---------+-------+---------+---------+-------
